[Event "Titled Tuesday Blitz June 21 Early 2022"]
[White "Florescu, Codrut-Constantin"]
[Black "Mickiewicz, Piotr"]
[WhiteFideId "1202200"]
[BlackFideId "1114891"]
[WhiteElo "2191"]
[BlackElo "2209"]
[Result "1-0"]
[Round "04"]
[TimeControl "180+1"]
[Date "2022.06.21"]
[WhiteClock "0:00:55"]
[BlackClock "0:00:02"]

1. d4 d5 2. Nf3 Nf6 3. c4 e6 4. Nc3 c6 5. e3 Nbd7 6. Qc2 Bd6 7. Be2 dxc4 8. a4 Qe7 9. Bxc4 O-O 10. O-O a5 11. h3 e5 12. Rd1 e4 13. Ng5 Nb6 14. Bb3 Bf5 15. f3 Rae8 16. Ngxe4 Nxe4 17. fxe4 Bg6 18. Bd2 Qg5 19. Rf1 Qg3 20. Rf3 Qh2+ 21. Kf2 Bh5 22. e5 Bxf3 23. Kxf3 Bxe5 24. dxe5 Rxe5 25. e4 g5 26. Be3 h5 27. Bxb6 g4+ 28. hxg4 hxg4+ 29. Ke3 Qg3+ 30. Kd2 Qf4+ 31. Ke2 Qg3 32. Rg1 Kg7 33. Bd4 f6 34. Bxe5 fxe5 35. Nd1 Rf4 36. Qd3 Kg6 37. Qxg3 1-0


[Site "https://www.chess.com"]

[Event "Titled Tuesday Blitz June 21 Early 2022"]
[White "Flynn, Jacob"]
[Black "Volkov, Maksim"]
[WhiteFideId "2509393"]
[BlackFideId "54123070"]
[WhiteElo "1896"]
[BlackElo "2155"]
[Result "0-1"]
[Round "04"]
[TimeControl "180+1"]
[Date "2022.06.21"]
[WhiteClock "0:00:01"]
[BlackClock "0:00:07"]

1. d4 d5 2. c4 e6 3. g3 Nf6 4. Bg2 dxc4 5. Nf3 a6 6. O-O Nc6 7. e3 Rb8 8. Qe2 b5 9. b3 cxb3 10. axb3 Be7 11. Bb2 O-O 12. Rc1 Bb7 13. Nbd2 Nb4 14. Ne1 Nfd5 15. Nd3 Nxd3 16. Qxd3 Nb4 17. Qe2 Bxg2 18. Kxg2 c5 19. dxc5 Nd3 20. Rc2 Nxb2 21. Rxb2 Bf6 22. Rba2 Bxa1 23. Rxa1 Qd5+ 24. e4 Qxc5 25. Rxa6 Rfd8 26. Nf3 Qc3 27. Ra7 Qxb3 28. Ne5 Qd1 29. Qe3 Rf8 30. Nd7 b4 31. Nxf8 b3 32. Qf4 Rxf8 33. Rb7 Qc2 34. Qe3 b2 35. Qb3 Qxe4+ 36. Kh3 g5 37. f3 Qe2 38. Qxb2 Qxf3 39. Rb3 g4+ 40. Kh4 Qf5 41. Rb5 e5 42. Qd2 f6 43. Rb7 Rf7 44. Rb8+ Kg7 0-1


[Site "https://www.chess.com"]

[Event "Titled Tuesday Blitz June 21 Early 2022"]
[White "Gabrielian, Artur"]
[Black "Bortnyk, Mykola"]
[WhiteFideId "4131002"]
[BlackFideId "14120836"]
[WhiteElo "2440"]
[BlackElo "2582"]
[Result "0-1"]
[Round "04"]
[TimeControl "180+1"]
[Date "2022.06.21"]
[WhiteClock "0:00:02"]
[BlackClock "0:00:07"]

1. e4 Nf6 2. e5 Nd5 3. d4 d6 4. Nf3 dxe5 5. Nxe5 c6 6. Be2 Bf5 7. O-O Nd7 8. Nf3 e6 9. c4 N5f6 10. Nc3 Bd6 11. Nh4 Bg6 12. g3 O-O 13. Be3 Qc7 14. Nxg6 hxg6 15. Qc2 e5 16. Rad1 exd4 17. Bxd4 Rfe8 18. Bf3 Bc5 19. Bg2 Rad8 20. b3 a5 21. h3 Bxd4 22. Rxd4 Nc5 23. Rxd8 Rxd8 24. Rd1 Re8 25. Qd2 Qe5 26. Kh2 g5 27. Qc2 Ne6 28. Ne4 Nd4 29. Nxf6+ Qxf6 30. Qd2 c5 31. Re1 Rd8 32. Kh1 Nf3 33. Qxd8+ Qxd8 34. Bxf3 b6 35. Kg2 Qd2 36. Re8+ Kh7 37. Re2 Qc1 38. a4 f5 39. Re3 Qd2 40. Re2 Qd4 41. Re6 g4 42. hxg4 fxg4 43. Be4+ g6 44. Bxg6+ Kg7 45. Be4 Kf7 46. Bd5 Kg7 47. Rxb6 Qc3 48. Rb5 Kf6 49. Rxc5 Qxb3 50. Rb5 Qxa4 51. Rb6+ Ke5 52. Re6+ Kd4 53. Re4+ Kc5 54. Rxg4 Qb3 55. Rg5 a4 56. Bf7+ Kd4 57. Rg4+ Kc3 58. Rf4 Kd2 59. c5 Qb7+ 60. Kg1 a3 61. Kh2 Ke1 62. Kg1 Qc7 63. Rf5 Kd2 64. Rd5+ Kc3 65. Rf5 Kb2 66. Kg2 Qc6+ 67. Kg1 a2 68. Bxa2 Kxa2 69. Rf4 Kb3 70. Kh2 Kc3 71. Kg1 Kd2 72. Rd4+ Ke2 73. Rd6 Qe4 74. Rf6 Qb1+ 75. Kh2 Kf1 76. g4 Qe4 77. Kg3 Qe5+ 78. Rf4 Qxc5 79. Rf5 Qd6+ 80. Kf3 Qd3+ 81. Kf4 Kxf2 82. g5 Qd4# 0-1


[Site "https://www.chess.com"]

[Event "Titled Tuesday Blitz June 21 Early 2022"]
[White "Gardezi, Arsal"]
[Black "Szente Varga, Fruzsina"]
[WhiteFideId "30949521"]
[BlackFideId "712264"]
[WhiteElo "1781"]
[BlackElo "1994"]
[Result "0-1"]
[Round "04"]
[TimeControl "180+1"]
[Date "2022.06.21"]
[WhiteClock "0:00:47"]
[BlackClock "0:00:14"]

1. e4 e5 2. Nf3 Nc6 3. Bb5 a6 4. Ba4 Nf6 5. O-O Be7 6. Re1 b5 7. Bb3 O-O 8. c3 d5 9. exd5 Nxd5 10. Nxe5 Nxe5 11. Rxe5 c6 12. d3 Bd6 13. Re1 Qh4 14. g3 Qh3 15. Re4 Bd7 16. Nd2 Rae8 17. Rh4 Qf5 18. Ne4 Bc7 19. Bc2 Nf6 20. Nxf6+ Qxf6 21. Be3 g6 22. Qd2 Rb8 23. Bg5 Qd6 24. d4 Qd5 25. Be4 Qc4 26. b3 Qe6 27. d5 cxd5 28. Bxd5 Qf5 29. Be4 Qe6 30. Re1 Qb6 31. Qxd7 Be5 32. Bd5 Bxc3 33. Be7 Bxe1 34. Bxf8 Rxf8 35. Re4 Qxf2+ 36. Kh1 Qf1# 0-1


[Site "https://www.chess.com"]

[Event "Titled Tuesday Blitz June 21 Early 2022"]
[White "Gatterer, Florian"]
[Black "Simonovic, Miroslav"]
[WhiteFideId "811688"]
[BlackFideId "919152"]
[WhiteElo "2218"]
[BlackElo "2043"]
[Result "1-0"]
[Round "04"]
[TimeControl "180+1"]
[Date "2022.06.21"]
[WhiteClock "0:00:30"]
[BlackClock "0:00:01"]

1. f4 d5 2. Nf3 c5 3. g3 d4 4. Bg2 Nc6 5. O-O g6 6. e4 dxe3 7. dxe3 Qxd1 8. Rxd1 Bg7 9. c3 Nf6 10. Nbd2 Bf5 11. Nh4 Bc2 12. Re1 Rc8 13. e4 O-O 14. e5 Ne8 15. Ne4 Bxe4 16. Bxe4 f5 17. Bd5+ Kh8 18. Be3 b6 19. Rad1 Nd8 20. Nf3 Nc7 21. Bc4 Nde6 22. Rd7 Rfe8 23. h4 a6 24. Ng5 Nxg5 25. hxg5 Bf8 26. Red1 e6 27. Be2 Kg8 28. Kf2 Be7 29. Bf3 Kf7 30. Rh1 h5 31. gxh6 Red8 32. Rxd8 Rxd8 33. h7 Rh8 34. a4 Kg7 35. Rd1 Rd8 36. Rxd8 Bxd8 37. b4 Be7 38. a5 bxa5 39. bxa5 Kxh7 40. Bc6 Kg7 41. Ke2 Kf7 42. Kd3 Nd5 43. Bd2 Bd8 44. Kc4 1-0


[Site "https://www.chess.com"]

[Event "Titled Tuesday Blitz June 21 Early 2022"]
[White "Glavina, Pablo"]
[Black "Petrova, Irina"]
[WhiteFideId "100234"]
[BlackFideId "14124122"]
[WhiteElo "2369"]
[BlackElo "1993"]
[Result "0-1"]
[Round "04"]
[TimeControl "180+1"]
[Date "2022.06.21"]
[WhiteClock "0:00:03"]
[BlackClock "0:00:52"]

1. e4 d6 2. d4 Nf6 3. Nc3 e5 4. dxe5 dxe5 5. Qxd8+ Kxd8 6. Bc4 Ke8 7. Nf3 Bd6 8. Be3 a6 9. O-O-O b5 10. Bb3 Bb7 11. Ng5 Rf8 12. f3 Nbd7 13. Nh3 Ke7 14. Nf2 c6 15. Ne2 a5 16. a4 Nc5 17. Bxc5 Bxc5 18. Nd3 Be3+ 19. Kb1 Nd7 20. Ng3 g6 21. Rhe1 Bb6 22. Nf1 f6 23. Ne3 Rfd8 24. h4 Bxe3 25. Rxe3 Nc5 26. axb5 cxb5 27. Ba2 Nxd3 28. Rexd3 Rxd3 29. Rxd3 Rd8 30. Rxd8 Kxd8 31. Bg8 h6 32. Bf7 g5 33. h5 Ke7 34. Bg6 Kd6 35. Bf5 Bc6 36. Kc1 Be8 37. Kd2 Bxh5 38. g4 Be8 39. Kc3 Kc5 40. b3 h5 41. Kd3 h4 42. Ke2 a4 43. bxa4 bxa4 44. Be6 a3 45. Bb3 Bb5+ 46. Kf2 Bc4 47. Bxc4 Kxc4 48. Kg2 a2 49. Kh3 a1=Q 0-1


[Site "https://www.chess.com"]

[Event "Titled Tuesday Blitz June 21 Early 2022"]
[White "Gormally, Daniel W"]
[Black "Goltseva, Ekaterina"]
[WhiteFideId "406465"]
[BlackFideId "24173770"]
[WhiteElo "2543"]
[BlackElo "2086"]
[Result "0-1"]
[Round "04"]
[TimeControl "180+1"]
[Date "2022.06.21"]
[WhiteClock "0:00:33"]
[BlackClock "0:00:02"]

1. d4 Nf6 2. c4 e6 3. Nf3 d5 4. Nc3 dxc4 5. e3 a6 6. a4 b6 7. Bxc4 Bb7 8. O-O Bb4 9. Qe2 O-O 10. Bd3 c5 11. dxc5 Bxc5 12. e4 Nbd7 13. e5 Bxf3 14. gxf3 Nxe5 15. Bxh7+ Kxh7 16. Qxe5 Qd3 17. Be3 Rac8 18. Rad1 Qc2 19. Rd2 Qg6+ 20. Qg3 Nh5 21. Qxg6+ Kxg6 22. Kh1 Nf6 23. Rg1+ Kh7 24. Rg5 Bb4 25. Rd4 Bxc3 26. bxc3 Nd5 27. Rdg4 g6 28. Bd4 f6 29. Rxg6 Rg8 30. Rxg8 Rxg8 31. c4 e5 32. Rxg8 Kxg8 33. cxd5 exd4 34. Kg1 Kf7 35. h4 b5 36. axb5 axb5 37. h5 b4 38. h6 b3 39. h7 Kg7 40. Kg2 b2 41. h8=Q+ Kxh8 42. d6 b1=Q 43. d7 Qb8 44. d8=Q+ Qxd8 0-1


[Site "https://www.chess.com"]

[Event "Titled Tuesday Blitz June 21 Early 2022"]
[White "Grigorov, Grigor"]
[Black "Bortnyk, Olexandr"]
[WhiteFideId "2907313"]
[BlackFideId "14120828"]
[WhiteElo "2510"]
[BlackElo "2723"]
[Result "1-0"]
[Round "04"]
[TimeControl "180+1"]
[Date "2022.06.21"]
[WhiteClock "0:00:14"]
[BlackClock "0:00:06"]

1. d4 d6 2. Nf3 Nf6 3. Bg5 Nbd7 4. Nbd2 c6 5. c3 e5 6. e4 Be7 7. Bd3 O-O 8. O-O Qc7 9. Re1 Re8 10. a4 Nf8 11. dxe5 dxe5 12. Nc4 Ng6 13. b4 h6 14. Bxf6 Bxf6 15. Ne3 Rd8 16. Qc2 Nf4 17. Bc4 Be6 18. Bxe6 Nxe6 19. Rad1 g6 20. g3 h5 21. h4 Kg7 22. Kg2 b5 23. axb5 cxb5 24. Nd5 Qc4 25. Qc1 Rac8 26. Qe3 a6 27. Ra1 Rxd5 28. exd5 Qxd5 29. Rxa6 Rc4 30. Kg1 e4 31. Rxe6 Qxe6 32. Ng5 Bxg5 33. Qxg5 Qf5 34. Qxf5 gxf5 35. Rd1 Rxc3 36. Rd5 Kg6 37. Rxb5 f6 38. Rd5 Rc1+ 39. Kg2 Rb1 40. b5 Rb2 41. Kf1 Rb1+ 42. Ke2 Rb2+ 43. Ke3 Rb3+ 44. Ke2 Rb2+ 45. Ke3 Rb4 46. Kd2 Rb2+ 47. Kc3 Rxf2 48. b6 e3 49. Rd1 e2 50. Re1 Rf1 51. Rxe2 Rc1+ 52. Rc2 Rb1 53. Rb2 Rc1+ 54. Kd4 Rc8 55. b7 Rb8 56. Kd5 f4 57. gxf4 Kf5 58. Rb4 Kg4 59. Kc6 Kxh4 60. Kc7 Rxb7+ 61. Kxb7 Kg3 62. f5 h4 63. Kc6 h3 64. Kd5 h2 65. Rb1 Kg2 66. Ke6 h1=Q 67. Rxh1 1-0


[Site "https://www.chess.com"]

[Event "Titled Tuesday Blitz June 21 Early 2022"]
[White "Gubajdullin, Alexei"]
[Black "Tan, Zhongyi"]
[WhiteFideId "4141202"]
[BlackFideId "8603642"]
[WhiteElo "2280"]
[BlackElo "2510"]
[Result "0-1"]
[Round "04"]
[TimeControl "180+1"]
[Date "2022.06.21"]
[WhiteClock "0:00:01"]
[BlackClock "0:00:21"]

1. d4 d5 2. Nf3 Nf6 3. Bf4 Bf5 4. e3 e6 5. c4 Bb4+ 6. Nc3 O-O 7. Qb3 c5 8. a3 Bxc3+ 9. bxc3 cxd4 10. cxd4 dxc4 11. Bxc4 Nc6 12. Qxb7 Na5 13. Qa6 Nxc4 14. Qxc4 Rc8 15. Qa4 Bd3 16. Ne5 Bc2 17. Qxa7 Nd5 18. O-O Nxf4 19. exf4 Qd5 20. Rfc1 Qe4 21. g3 Ra8 22. Qb6 Rab8 23. Qc6 Rfc8 24. Qxe4 Bxe4 25. Rxc8+ Rxc8 26. a4 f6 27. Nd7 Rd8 28. Nc5 Bd5 29. a5 Kf7 30. a6 Ba8 31. a7 Rxd4 32. Kf1 Rc4 33. Nd3 Ke7 34. Ke2 Rc2+ 35. Ke3 Rc7 36. Kd4 Rd7+ 37. Kc3 Rc7+ 38. Kb4 Rb7+ 39. Kc5 Rc7+ 40. Kb6 Rc6+ 41. Kb5 Rc7 42. Nc5 Kd6 43. Rd1+ Ke7 44. Ra1 Kd6 45. Ra6+ Kd5 46. Nxe6 Rb7+ 47. Ka5 Rb1 48. Nc7+ Kc5 49. Ne6+ Kd5 50. f5 Bb7 51. a8=Q Bxa8 52. Rxa8 Ra1+ 53. Kb4 Rxa8 54. Nc7+ Ke4 55. Nxa8 Kxf5 56. Kc3 Ke4 57. Kb4 Kf3 58. Kc3 Kxf2 59. Kb4 Kg2 60. Kc3 Kxh2 61. Kd4 Kxg3 62. Ke3 h5 63. Nb6 h4 64. Nd5 h3 65. Nc3 h2 66. Ne4+ Kg2 67. Nf2 h1=Q 68. Nxh1 Kxh1 69. Kf4 g5+ 70. Kg4 Kg2 71. Kf5 Kg3 72. Kxf6 g4 73. Kf5 Kf3 74. Ke5 g3 75. Kd4 g2 76. Ke5 g1=Q 77. Kd5 Qe3 78. Kc4 Qd2 79. Kc5 Ke4 80. Kc6 Qd5+ 81. Kc7 Ke5 82. Kb6 Qc4 83. Kb7 Kd6 84. Ka8 Qb4 85. Ka7 Kc6 86. Ka8 Qb7# 0-1


[Site "https://www.chess.com"]

[Event "Titled Tuesday Blitz June 21 Early 2022"]
[White "Halkias, Stelios"]
[Black "Tologon tegin, Semetei"]
[WhiteFideId "4201809"]
[BlackFideId "13800574"]
[WhiteElo "2747"]
[BlackElo "2564"]
[Result "0-1"]
[Round "04"]
[TimeControl "180+1"]
[Date "2022.06.21"]
[WhiteClock "0:00:01"]
[BlackClock "0:01:09"]

1. Nf3 b6 2. g3 Bb7 3. Bg2 e5 4. O-O d6 5. c4 Nd7 6. Nc3 f5 7. d4 e4 8. Nh4 g6 9. d5 Ngf6 10. f3 exf3 11. exf3 Bg7 12. Re1+ Kf7 13. Bd2 a5 14. Qc2 Nc5 15. Ne2 Nfd7 16. Nf4 Re8 17. Rxe8 Qxe8 18. Re1 Ne5 19. Ne6 Nxe6 20. dxe6+ Qxe6 21. f4 Bxg2 22. fxe5 Bc6 23. Bc3 dxe5 24. Rf1 Kg8 25. Qe2 Rd8 26. Nf3 Bxf3 27. Rxf3 e4 28. Bxg7 Kxg7 29. Rf1 Rd4 30. Qe3 Qxc4 31. Qf4 Qc5 32. Kh1 h5 33. b3 Rd7 34. Rc1 Qe7 35. Qe3 c5 36. a3 Qe5 37. b4 axb4 38. axb4 Rd4 39. bxc5 bxc5 40. Qa3 Rd5 41. Qa7+ Kh6 42. Qf7 Qd6 43. Rf1 c4 44. Qg8 Rd1 45. Qh8+ Kg5 46. Rxd1 Qxd1+ 47. Kg2 Qe2+ 48. Kh3 Qf1# 0-1


[Site "https://www.chess.com"]

[Event "Titled Tuesday Blitz June 21 Early 2022"]
[White "Heinemann, Josefine"]
[Black "Artemenko, Oleg"]
[WhiteFideId "12900460"]
[BlackFideId "14201798"]
[WhiteElo "2300"]
[BlackElo "2287"]
[Result "1-0"]
[Round "04"]
[TimeControl "180+1"]
[Date "2022.06.21"]
[WhiteClock "0:00:46"]
[BlackClock "0:00:02"]

1. e4 e6 2. d4 d5 3. Nd2 c5 4. exd5 Qxd5 5. Ngf3 cxd4 6. Bc4 Qd7 7. O-O Nc6 8. Nb3 Nf6 9. Nbxd4 Nxd4 10. Nxd4 a6 11. Re1 b5 12. Bf1 Bb7 13. c3 Be7 14. a4 bxa4 15. Qxa4 O-O 16. Qxd7 Nxd7 17. Be3 Rfc8 18. Ra5 Bd8 19. Ra3 Ne5 20. Rea1 Nc4 21. Bxc4 Rxc4 22. Rb3 Bd5 23. Rba3 Rb8 24. b4 Bb7 25. h3 Rbc8 26. Ne2 e5 27. Bc5 a5 28. Rd1 axb4 29. cxb4 Bc6 30. Rad3 Bf6 31. Ng3 g6 32. f3 Kg7 33. Re3 Bg5 34. Re2 f5 35. Rxe5 Ba4 36. Rde1 Kh6 37. Re6 Bc2 38. Nf1 Ra8 39. Ne3 Bxe3+ 40. Bxe3+ f4 41. Bc5 Bf5 42. R6e2 Kh5 43. Kh2 Ra3 44. Rd2 Rb3 45. Red1 h6 46. Rd4 Rc2 47. Rxf4 Rbb2 48. Rg1 Kg5 49. Be3 Kh5 50. Kg3 Bd7 51. Rh4# 1-0


[Site "https://www.chess.com"]

[Event "Titled Tuesday Blitz June 21 Early 2022"]
[White "Hosseinzadeh, Nima"]
[Black "Melikhov, Evgeny V."]
[WhiteFideId "12505323"]
[BlackFideId "4122046"]
[WhiteElo "2066"]
[BlackElo "1904"]
[Result "1-0"]
[Round "04"]
[TimeControl "180+1"]
[Date "2022.06.21"]
[WhiteClock "0:01:12"]
[BlackClock "0:00:25"]

1. e4 e5 2. Nf3 Nc6 3. Bb5 a6 4. Ba4 Nf6 5. O-O Nxe4 6. d4 b5 7. Bb3 d5 8. dxe5 Be6 9. Nbd2 Bc5 10. Qe2 Nxd2 11. Bxd2 O-O 12. c3 f6 13. Be3 Bxe3 14. Qxe3 fxe5 15. Nxe5 Qd6 16. Nxc6 Qxc6 17. Rae1 Bf7 18. Bc2 Bg6 19. Bxg6 Qxg6 20. Qe6+ Qxe6 21. Rxe6 Rfe8 22. Rfe1 Kf7 23. Rxe8 Rxe8 24. Rxe8 Kxe8 25. b4 Ke7 26. f4 Kd6 27. Kf2 c5 28. Ke3 d4+ 29. cxd4 cxb4 30. g4 Kd5 31. Kd3 a5 32. f5 a4 33. g5 b3 34. axb3 axb3 35. Kc3 b2 36. Kxb2 1-0


[Site "https://www.chess.com"]

[Event "Titled Tuesday Blitz June 21 Early 2022"]
[White "Ianov, Viktor"]
[Black "Jakubowska, Anna"]
[WhiteFideId "14102730"]
[BlackFideId "1121952"]
[WhiteElo "2152"]
[BlackElo "1878"]
[Result "1-0"]
[Round "04"]
[TimeControl "180+1"]
[Date "2022.06.21"]
[WhiteClock "0:01:30"]
[BlackClock "0:00:13"]

1. Nf3 f5 2. g3 Nf6 3. Bg2 g6 4. c4 Bg7 5. Nc3 O-O 6. O-O d6 7. d3 e5 8. Rb1 h6 9. b4 g5 10. b5 f4 11. Nd2 g4 12. a4 Nbd7 13. Ba3 Nc5 14. Nb3 Nxb3 15. Qxb3 Kh8 16. c5 Bf5 17. Bxb7 Rb8 18. Bc6 f3 19. exf3 Bxd3 20. cxd6 Bxb1 21. Qxb1 cxd6 22. Rd1 gxf3 23. Bxd6 Qb6 24. Bxb8 Ng4 25. Ne4 Rxb8 26. Qd3 Rf8 27. h3 Nf6 28. Nd6 Nh5 29. Qg6 Nf6 30. Nf7+ Rxf7 31. Qxf7 Qc5 32. Rd8+ Kh7 33. Bxf3 Qc1+ 34. Kg2 e4 35. Bxe4+ Nxe4 36. Qf5# 1-0


[Site "https://www.chess.com"]

[Event "Titled Tuesday Blitz June 21 Early 2022"]
[White "Itkis, Boris"]
[Black "Trakru, Rohun"]
[WhiteFideId "1209167"]
[BlackFideId "2097613"]
[WhiteElo "2207"]
[BlackElo "1746"]
[Result "1-0"]
[Round "04"]
[TimeControl "180+1"]
[Date "2022.06.21"]
[WhiteClock "0:00:20"]
[BlackClock "0:00:07"]

1. Nf3 Nf6 2. b3 g6 3. Bb2 Bg7 4. d4 O-O 5. e3 d6 6. Nbd2 Nbd7 7. c4 Re8 8. Be2 e5 9. dxe5 dxe5 10. O-O e4 11. Nd4 c6 12. Re1 Ne5 13. Nf1 Qc7 14. Ng3 h5 15. Qc2 Neg4 16. Bxg4 Nxg4 17. h3 h4 18. Nf1 Nf6 19. Rad1 Bd7 20. Ne2 Rad8 21. Nc3 Qc8 22. Rd2 Bf5 23. Red1 Rxd2 24. Rxd2 Bxh3 25. gxh3 Qxh3 26. Ne2 Ng4 27. Nf4 Qf3 28. Bxg7 Kxg7 29. Qd1 Ne5 30. Nh2 Qxd1+ 31. Rxd1 g5 32. Ne2 f5 33. Rd6 Re7 34. Nd4 Rf7 35. Ne6+ Kg8 36. Rd8+ 1-0


[Site "https://www.chess.com"]

[Event "Titled Tuesday Blitz June 21 Early 2022"]
[White "Jeet, Jain"]
[Black "Garcia Cuenca, Victor"]
[WhiteFideId "5073022"]
[BlackFideId "2250829"]
[WhiteElo "2055"]
[BlackElo "2317"]
[Result "1-0"]
[Round "04"]
[TimeControl "180+1"]
[Date "2022.06.21"]
[WhiteClock "0:00:54"]
[BlackClock "0:00:56"]

1. c4 d6 2. Nc3 e5 3. g3 g6 4. Bg2 Bg7 5. Rb1 f5 6. d3 Nf6 7. e3 O-O 8. Nge2 a5 9. a3 c6 10. b4 axb4 11. axb4 Be6 12. O-O d5 13. cxd5 Nxd5 14. b5 Nxc3 15. Nxc3 e4 16. d4 Bc4 17. Re1 c5 18. Qc2 Bd3 19. Qb3+ c4 20. Qb4 Rf7 21. Bd2 Bf8 22. Qb2 Ba3 23. Qa2 Bxb1 24. Rxb1 Nd7 25. Qxc4 Nb6 26. Qb3 Bf8 27. f3 Ra3 28. Qc2 exf3 29. Bxf3 Rc7 30. Rb3 Ra1+ 31. Kg2 Nc4 32. Bc1 Bh6 33. Kf2 Rxc1 34. Qxc1 Bxe3+ 35. Qxe3 Nxe3 36. Kxe3 Qe7+ 37. Kf2 Qe1+ 38. Kxe1 1-0


[Site "https://www.chess.com"]

[Event "Titled Tuesday Blitz June 21 Early 2022"]
[White "Jia, Haoxiang"]
[Black "Avazkhonov, Alikhon"]
[WhiteFideId "8602999"]
[BlackFideId "14208504"]
[WhiteElo "2592"]
[BlackElo "1739"]
[Result "1-0"]
[Round "04"]
[TimeControl "180+1"]
[Date "2022.06.21"]
[WhiteClock "0:01:22"]
[BlackClock "0:00:03"]

1. e4 c5 2. Nc3 d6 3. g3 Nc6 4. Bg2 g6 5. d3 Bg7 6. Be3 e5 7. Nge2 Nge7 8. Qd2 O-O 9. Bh6 f5 10. Bxg7 Kxg7 11. f4 Nd4 12. O-O Be6 13. b3 Rb8 14. Rae1 b5 15. exf5 Nexf5 16. fxe5 dxe5 17. Ne4 c4 18. Ng5 Qb6 19. Kh1 cxd3 20. Qxd3 Rbd8 21. Nxd4 Nxd4 22. Rxf8 Rxf8 23. Qe4 Qd6 24. c3 Nf5 25. Qxe5+ Qxe5 26. Rxe5 Bd7 27. Rd5 Bc6 28. Ne6+ Kf7 29. Nd8+ Rxd8 30. Rxd8 Bxg2+ 31. Kxg2 1-0


[Site "https://www.chess.com"]

[Event "Titled Tuesday Blitz June 21 Early 2022"]
[White "Karas, Marek"]
[Black "Kononenko, Dmitry"]
[WhiteFideId "14928558"]
[BlackFideId "14113538"]
[WhiteElo "2271"]
[BlackElo "2145"]
[Result "1/2-1/2"]
[Round "04"]
[TimeControl "180+1"]
[Date "2022.06.21"]
[WhiteClock "0:00:18"]
[BlackClock "0:00:32"]

1. d4 Nf6 2. Nf3 d5 3. c4 c6 4. Nc3 e6 5. g3 dxc4 6. Bg2 Bb4 7. O-O O-O 8. Ne5 Nbd7 9. Nxc4 Qc7 10. Bf4 Qd8 11. Nd6 Nb6 12. Nxc8 Rxc8 13. Qb3 Bd6 14. Bg5 Be7 15. Rfd1 Nfd5 16. Bd2 Qc7 17. Rac1 Qb8 18. e4 Nxc3 19. bxc3 Rfd8 20. a4 Qc7 21. Rb1 Rb8 22. h4 h6 23. Be3 Rd7 24. c4 Rbd8 25. c5 Na8 26. d5 cxd5 27. exd5 Bxc5 28. dxe6 Rxd1+ 29. Rxd1 Rxd1+ 30. Qxd1 fxe6 31. Bxc5 Qxc5 32. Qd8+ Qf8 33. Qd7 Nb6 34. Qxe6+ Qf7 35. Qxf7+ Kxf7 36. a5 Nd7 37. Bxb7 Ke7 38. a6 Kd6 39. f4 Nc5 40. Kf2 Nxb7 41. axb7 Kc7 42. g4 Kxb7 43. g5 Kc7 44. f5 hxg5 45. hxg5 Kd7 46. f6 gxf6 47. gxf6 Ke6 48. Ke3 Kxf6 49. Kd4 Ke6 50. Kc5 Kd7 51. Kb5 Kd8 52. Ka5 Kc7 53. Ka6 Kb8 54. Ka5 Kb7 55. Kb5 a6+ 56. Ka5 Ka7 57. Ka4 Kb6 58. Ka3 Ka5 59. Ka2 Kb4 60. Ka1 Kb3 61. Kb1 Ka3 62. Ka1 a5 63. Kb1 Kb3 64. Ka1 Kc2 65. Ka2 Kc3 66. Ka3 Kc4 67. Ka4 Kc3 68. Kxa5 1/2-1/2


[Site "https://www.chess.com"]

[Event "Titled Tuesday Blitz June 21 Early 2022"]
[White "Khan, Taffin"]
[Black "Buscar, Michael"]
[WhiteFideId "19700024"]
[BlackFideId "2603616"]
[WhiteElo "2088"]
[BlackElo "2010"]
[Result "0-1"]
[Round "04"]
[TimeControl "180+1"]
[Date "2022.06.21"]
[WhiteClock "0:00:01"]
[BlackClock "0:00:04"]

1. e4 c5 2. Nf3 Nc6 3. c3 Nf6 4. e5 Nd5 5. d4 cxd4 6. cxd4 d6 7. Nc3 Nxc3 8. bxc3 Bg4 9. Bb5 d5 10. O-O Rc8 11. h3 Bh5 12. e6 fxe6 13. g4 Bg6 14. Ne5 Qa5 15. Bxc6+ bxc6 16. Qf3 Kd8 17. Bd2 Qa3 18. Rfc1 Kc7 19. Nxg6 hxg6 20. Bf4+ Kd7 21. Kg2 e5 22. Bxe5 e6 23. Qf7+ Qe7 24. Qxg6 Qh4 25. Rh1 Be7 26. f4 Rcf8 27. Raf1 Rb8 28. Rf2 Rb5 29. Qd3 Ra5 30. Qg3 Qh7 31. Qe3 Rc8 32. f5 c5 33. fxe6+ Ke8 0-1


[Site "https://www.chess.com"]

[Event "Titled Tuesday Blitz June 21 Early 2022"]
[White "Kobalia, Mikhail"]
[Black "Dubov, Daniil"]
[WhiteFideId "4119150"]
[BlackFideId "24126055"]
[WhiteElo "2667"]
[BlackElo "2791"]
[Result "0-1"]
[Round "04"]
[TimeControl "180+1"]
[Date "2022.06.21"]
[WhiteClock "0:00:03"]
[BlackClock "0:00:30"]

1. e4 a6 2. d4 b5 3. Nf3 Bb7 4. Bd3 e6 5. O-O c5 6. c3 Nf6 7. Re1 cxd4 8. cxd4 Be7 9. a3 O-O 10. Nc3 d6 11. Bc2 Nbd7 12. Qd3 e5 13. Bg5 h6 14. Bh4 Rc8 15. Rad1 Re8 16. Bb3 exd4 17. Qxd4 Nc5 18. Ba2 Qc7 19. e5 dxe5 20. Nxe5 Ne6 21. Bxe6 fxe6 22. Ng6 Bc5 23. Qd3 Ng4 24. Qh3 h5 25. Ne4 Bxe4 26. Rxe4 Qf7 27. Nf4 Qf5 28. Rde1 Rf8 29. Qg3 Bxf2+ 30. Qxf2 Nxf2 31. Bxf2 Rc2 32. Bg3 Rxb2 33. h3 Rb1 0-1


[Site "https://www.chess.com"]

[Event "Titled Tuesday Blitz June 21 Early 2022"]
[White "Korchmar, Vasiliy"]
[Black "Toncheva, Nadya"]
[WhiteFideId "24131750"]
[BlackFideId "2924056"]
[WhiteElo "2729"]
[BlackElo "2531"]
[Result "1-0"]
[Round "04"]
[TimeControl "180+1"]
[Date "2022.06.21"]
[WhiteClock "0:00:08"]
[BlackClock "0:00:12"]

1. e4 Nf6 2. e5 Nd5 3. d4 b5 4. Bxb5 c5 5. c3 cxd4 6. Qxd4 Bb7 7. Nf3 e6 8. O-O Qa5 9. Bd3 Bc5 10. Qg4 Bf8 11. Nbd2 Nc6 12. Nc4 Qc7 13. Re1 h5 14. Qg3 Be7 15. Bg5 f6 16. Bg6+ Kf8 17. exf6 gxf6 18. Nfe5 Nxe5 19. Nxe5 fxg5 20. Bxh5 Nf4 21. Ng6+ Kg7 22. Nxh8 Rxh8 23. Bf3 Bd6 24. Qxg5+ Kf7 25. Re3 Nh3+ 26. gxh3 Rg8 27. Bh5+ Kf8 28. Bg6 Be7 29. Qh6+ Rg7 30. Qh8+ Rg8 31. Qh6+ Rg7 32. Rg3 Qc6 33. Be4 Qxe4 34. Qxg7+ Ke8 35. Qg6+ Kd8 36. Qxe4 Bxe4 37. h4 Bd6 38. h5 Kc7 39. h6 Bxg3 40. hxg3 Bh7 41. Kg2 Bg6 42. f3 Be4 43. Re1 Bd5 44. Re2 Bc4 45. Rf2 Bd3 46. g4 Bh7 47. Kg3 Bg6 48. Kh4 e5 49. g5 1-0


[Site "https://www.chess.com"]

[Event "Titled Tuesday Blitz June 21 Early 2022"]
[White "Kosteniuk, Alexandra"]
[Black "Durarbayli, Vasif"]
[WhiteFideId "4128125"]
[BlackFideId "13402935"]
[WhiteElo "2469"]
[BlackElo "2528"]
[Result "1-0"]
[Round "04"]
[TimeControl "180+1"]
[Date "2022.06.21"]
[WhiteClock "0:00:12"]
[BlackClock "0:00:01"]

1. e4 e5 2. Nf3 Nc6 3. Bc4 Bc5 4. c3 Nf6 5. d4 exd4 6. cxd4 Bb4+ 7. Nbd2 Nxe4 8. d5 Bxd2+ 9. Bxd2 Ne7 10. Bb4 d6 11. O-O O-O 12. a4 a5 13. Ba3 Ng6 14. Rc1 Bd7 15. b3 Re8 16. Bb2 c5 17. dxc6 bxc6 18. Nd4 Qg5 19. Qf3 d5 20. g3 dxc4 21. Rfe1 Nf6 22. Nxc6 Bxc6 23. Qxc6 Rec8 24. Qb7 Rcb8 25. Qf3 cxb3 26. Rc6 Qd5 27. Rxf6 Qd2 28. Re2 Qxe2 29. Qxe2 gxf6 30. Qf3 Ra6 31. h4 Ne5 32. Qf5 Rc6 33. h5 h6 34. Kg2 Rc2 35. Qxf6 Rxb2 36. Qxe5 Rxf2+ 37. Kxf2 Rb4 38. Qe8+ Kg7 39. Qe5+ Kg8 40. Qe8+ Kg7 41. Qe5+ Kf8 42. Qb2 Ke7 43. Ke3 Ke6 44. Kd3 Kf5 45. Kc3 Kg4 46. Qb1 Kxh5 47. Kb2 Kg4 48. Qd3 f5 49. Qe3 Rxa4 50. Qxh6 Rb4 51. Qg6+ Kf3 52. Qxf5+ Kxg3 53. Qxa5 Rf4 54. Qe5 Kg4 55. Kxb3 Rf5 56. Qe6 Kg5 57. Kc4 Rf6 58. Qe5+ Rf5 59. Qg7+ Kf4 60. Kd4 Rg5 61. Qf7+ Rf5 62. Qc7+ Kg5 63. Ke4 Rf6 64. Qd8 Kg6 65. Ke5 Rf5+ 66. Ke6 Rf4 67. Qd3+ Kg5 68. Qg3+ Rg4 69. Qe3+ Kg6 70. Qf3 Kg5 71. Qf5+ Kh4 72. Qd3 Kg5 73. Ke5 Kh4 74. Qe3 Rg5+ 75. Kf4 Rg4+ 76. Kf5 Rg2 77. Qh6+ Kg3 78. Qf4+ Kh3 79. Qf3+ Kh2 80. Kf4 Kg1 81. Qe3+ Kh2 82. Qe5 Kg1 83. Kf3 Rf2+ 84. Kg3 Rg2+ 85. Kh3 Rf2 86. Qe1+ Rf1 87. Qe3+ Rf2 88. Kg3 Kh1 89. Kxf2 1-0


[Site "https://www.chess.com"]